 Dungeon Crawl Stone Soup version 0.31.0-12-g77e489cdc1 (webtiles) character file.

Game seed: 17901127200666411865

44 Killerpretzel the Changeling (level 3, -3/24 HPs)
             Began as an Octopode Shapeshifter on Mar 2, 2024.
             Slain by a +0 spectral club (4 damage)
             ... created by Jessica
             ... on level 2 of the Dungeon.
             The game lasted 00:01:30 (990 turns).

Killerpretzel the Changeling (Octopode Shapeshifter) Turns: 990, Time: 00:01:30

Health: -3/24      AC:  1    Str: 13    XL:     3   Next: 60%
Magic:  3/3        EV: 13    Int: 12    God:
Gold:   100        SH:  0    Dex: 13    Spells: 2/2 levels left

rFire   . .          .
                       - Unarmed
rCold   . . .        (no shield)
rNeg    . . .        (helmet currently unavailable)
rPois   .            (no amulet)
rElec   .            (no ring)
rCorr   .            (no ring)
SInv    .            (no ring)
Will    .....        (no ring)
Stlth   ++           (no ring)
HPRegen 0.24/turn    (no ring)
MPRegen 0.08/turn    (no ring)
                     (no ring)

%: no passive effects
@: beast-form
A: beast (slay +2), almost no armour, amphibious, 8 rings, camouflage 1,
gelatinous body 1, (nimble swimmer 1), tentacles
a: Begin Untransformation


You were on level 2 of the Dungeon.
You were a hulking beast.
You visited 1 branch of the dungeon, and saw 2 of its levels.

You collected 100 gold pieces.

Inventory:

Talismans
 b - a beast talisman
 c - a flux talisman
Scrolls
 i - a scroll of teleportation {unknown}
 j - a scroll of enchant weapon {unknown}
Potions
 a - 3 potions of lignification
 d - a potion of cancellation {unknown}
 e - 2 potions of mutation {unknown}
 f - 3 potions of curing {unknown}
 g - a potion of enlightenment {unknown}
 h - a potion of magic {unknown}


   Skills:
 + Level 1.6 Fighting
 + Level 2.4 Dodging
 + Level 3.3 Unarmed Combat
 * Level 3.5 Shapeshifting


You had 2 spell levels left.
You didn't know any spells.
Your spell library was empty.

Dungeon Overview and Level Annotations

Branches:
Dungeon (2/15)

Altars:

Shops:
D:1 =[?=[

Annotations:
D:2 Jessica


Innate Abilities, Weirdness & Mutations

You are a hulking beast.
Your limbs bulge with bestial killing power. (Slay +2)
You cannot wear most types of armour.
You are amphibious.
You can wear up to eight rings at the same time.
Your skin changes colour to match your surroundings (Stealth+).
Your rubbery body absorbs attacks. (AC +1, EV +1)
((You are camouflaged when in or above water. (Stealth+)))
You have tentacles for arms and can constrict up to eight enemies at once.


Message History

No reachable target in view!
No reachable target in view!
No reachable target in view!
No reachable target in view!
No reachable target in view!
No reachable target in view!
No reachable target in view!
No reachable target in view!
No reachable target in view!
There are monsters nearby!
No reachable target in view!
No reachable target in view!
No reachable target in view!
No reachable target in view!
No reachable target in view!
No reachable target in view!
No reachable target in view!
No reachable target in view!
No reachable target in view!
No reachable target in view!
There are monsters nearby!
The kobold shouts!
Jessica shouts!
You closely miss the kobold. You grab the kobold. You constrict the kobold.
Jessica gestures wildly while chanting.
Jessica seems to speed up.
The kobold hits you with a +0 dagger.
You tentacle-slap the kobold.
You kill the kobold!
Jessica points at you and mumbles some strange words.
Pain shoots through your body! Jessica misses you.
The +0 spectral club misses you.
Jessica hits you with a +0 spectral club.
The +0 spectral club hits you.
A +0 spectral club comes into view.
You see here a +0 dagger.
You tentacle-slap Jessica. Your grab misses Jessica.
Jessica is moderately wounded.
Jessica hits you with a +0 spectral club!
* * * LOW HITPOINT WARNING * * *
The +0 spectral club hits you.
You die...

### #.# #.. #.# #.#
############ #.#
....##.....###.#####
....##..........h@.#
....##.....###...(......
.....#.......#..........
#....###'#.#.#..........
...................>....
.........#...#..#.#.....
#........#...#..#....#+#
†............######..#
...............


You could see a +0 spectral club (wandering) and Jessica (fast).

Vanquished Creatures
  3 dart slugs (D:1)
  A ribbon worm (D:2)
  3 bats
  5 endoplasms
  A giant cockroach (D:1)
  3 goblins (D:1)
  3 hobgoblins
  4 jackals (D:1)
  A kobold (D:2)
  A quokka (D:1)
  2 ball pythons
  5 rats (D:1)
32 creatures vanquished.

Notes
Turn   | Place    | Note
-------+----------+-------------------------------------------
     0 | D:1      | Killerpretzel the Octopode Shapeshifter began the quest for
                  | the Orb.
     0 | D:1      | Reached XP level 1. HP: 13/13 MP: 1/1
   122 | D:1      | Found Liexied's Magic Scroll Shop.
   148 | D:1      | Found Sineq's Jewellery Emporium.
   156 | D:1      | Reached XP level 2. HP: 10/18 MP: 2/2
   246 | D:1      | Found Edawul's Jewellery Boutique.
   339 | D:1      | Found Suiloafa's Antique Armour Emporium.
   366 | D:1      | Reached XP level 3. HP: 21/23 MP: 3/3
   534 | D:1      | Found Lophis's Armour Emporium.
   983 | D:2      | Noticed Jessica
   990 | D:2      | HP: 1/24 [Jessica/+0 spectral club (8)]
   990 | D:2      | Slain by a +0 spectral club

Illustrated notes

Levels and vault maps discovered:
D:1:      evilmike_arrival_fibonacci_small, layout_basic, serial_shops, shop,
          shop, shop, nicolae_shop_statue_plus, shop
D:2:      layout_basic, hellmonk_ecumenical_altar_zigzags, grunt_ministairs_9,
          minmay_cut_off, uniq_terence, uniq_crazy_yiuf_cottage, uniq_robin,
          uniq_jessica

Action                     || total
---------------------------++-------
  Melee: Unarmed           ||    59
         Constrict         ||    19
         Tentacles         ||    15
   Stab: Sleeping          ||     4
 Armour: Skin              ||    27
  Dodge: Dodged            ||    35
